Unix NetHack Version 5.0.0-0 post-release - last build Jun 10 2026 00:39:30 (3ee93aec679c4c4259841fe613dc97188e26a321,branch:main).

Game began 2026-06-10 20:00:34, ended 2026-06-10 21:31:25.

LDaviesPeters, neutral female human Archeologist

                             ..-
                         ......
                         -.<..B--
                         .[...@.|
                         ....G..--
                            .....----
                            ....)*).|
                            --.....)|
                             --.-----
                              ---
LDaviesPeters the Investigator  St:12 Dx:11 Co:13 In:14 Wi:18 Ch:12  Neutral
Dlvl:3  $:0  HP:0(45) Pw:36(36) AC:5  Xp:6 T:5252 

Latest messages:
 The gnome is killed!
 The crossbow bolt hits the dwarf!
 The dwarf swings her thonged club.
 The dwarf hits!
 You kill the dwarf!
 There are many objects here.
 w - a black gem.
 x - a red gem.
 y - a yellowish brown gem.
 What do you want to use or apply? [abfgj-lps or ?*] g
 What do you want to rub on the stone? [wxy or ?*] w
 w - a worthless piece of black glass.
 The grid bug bites!
 You get zapped!
 You miss the grid bug.
 The grid bug bites!
 You get zapped!
 You kill the grid bug!
 What do you want to use or apply? [abfgj-lps or ?*] g
 What do you want to rub on the stone? [xy or ?*] x
 x - a worthless piece of red glass.
 What do you want to use or apply? [abfgj-lps or ?*] g
 What do you want to rub on the stone? [y or ?*] y
 y - a worthless piece of yellowish brown glass.
 You drop a worthless piece of black glass.
 You drop a worthless piece of red glass.
 You drop a worthless piece of yellowish brown glass.
 You see here a gnome corpse.
 There is a gnome corpse here; eat it? [ynq] (n) y
 This gnome corpse tastes terrible!
 You stop eating the gnome corpse.
 There is a partly eaten gnome corpse here; eat it? [ynq] (n) y
 You resume your meal.
 You are hit by a crossbow bolt!
 You stop eating the gnome corpse.
 You are hit by a crossbow bolt.
 There is a partly eaten gnome corpse here; eat it? [ynq] (n) y
 You resume your meal.
 A crossbow bolt misses you.
 You stop eating the gnome corpse.
 You are hit by a crossbow bolt.
 The giant bat bites!
 The gnome swings her crossbow.
 The gnome hits!
 You die...
 Do you want your possessions identified? [ynq] (y) y
 Do you want to see your attributes? [ynq] (y) y
 Do you want an account of creatures vanquished? [ynaq] (y) n
 Do you want to see your conduct and achievements? [ynq] (y) y
 Do you want to see the dungeon overview? [ynq] (y) n

Inventory:
 Weapons  (')')
  o - a +0 dagger
  O - 2 +0 elven daggers
  I - 3 +0 orcish daggers
  a - a +2 bullwhip (weapon in right hand)
 Armor    ('[')
  u - an uncursed +0 orcish helm (being worn)
  Z - an uncursed +0 orcish helm
  m - an uncursed +0 pair of leather gloves (being worn)
  q - an uncursed +0 pair of iron shoes (being worn)
  h - an uncursed +0 leather jacket (being worn)
 Comestibles  ('%')
  Q - an uncursed carrot
  d - an uncursed food ration
 Scrolls  ('?')
  e - an uncursed scroll of teleportation
 Rings    ('=')
  r - an uncursed ring of teleport control (on left hand)
 Wands    ('/')
  j - a wand of secret door detection (0:10)
 Tools    ('(')
  b - an uncursed sack containing 1 item
  s - an expensive camera (0:66)
  k - an uncursed lock pick
  l - an uncursed oil lamp (lit)
  p - a +0 pick-axe
  f - a tinning kit (0:61)
 Gems/Stones  ('*')
  g - an uncursed touchstone

Contents of the sack:
  81 gold pieces

LDaviesPeters the Archeologist's attributes:

Background:
 You were an Investigator, a level 6 female human Archeologist.
 You were neutral, on a mission for Camaxtli
 who was opposed by Quetzalcoatl (lawful) and Huhetotl (chaotic).
 You were right-handed.
 You were in the Gnomish Mines, on level 3.
 You entered the dungeon 5252 turns ago.
 You had 558 experience points, 82 more were needed to attain level 7.

Basics:
 You had 0 out of 45 hit points.
 You had all 36 energy points (spell power).
 Your armor class was 5.
 Your wallet was empty, but
 you had 81 zorkmids stashed away in your pack.
 Autopickup was off.

Final Characteristics:
 Your strength was 12 (limit:18/100).
 Your dexterity was 11 (limit:18).
 Your constitution was 13 (limit:18).
 Your intelligence was 14 (limit:18).
 Your wisdom was 18 (limit:18).
 Your charisma was 12 (limit:18).

Final Status:
 You weren't hungry.
 You were unencumbered.
 You were wielding a whip.
 You were skilled in whip.

Final Attributes:
 You were piously aligned.
 You were telepathic.
 You had automatic searching.
 You were stealthy.
 You had teleport control.
 You are dead.

Miscellaneous:
 You didn't encounter any bones levels.
 Total elapsed playing time was 1 hour, 30 minutes and 51 seconds.

Major events:
 Turn
    1: LDaviesPeters the neutral female human Archeologist entered the dungeon
  406: entered the Gnomish Mines
 1626: attained the rank of Field Worker (level 3)
 4651: attained the rank of Investigator (level 6)
 5252: killed by a gnome

Spells:
 Name                 Level Category     Fail Retention
 identify               3   divination   100%  76%-100%
 magic missile          2   attack        97%  76%-100%
 detect monsters        1   divination    53%  76%-100%

Skills:
 Fighting Skills
   bare handed combat [Unskilled]
   two weapon combat  [Unskilled]
   riding             [Unskilled]
 Weapon Skills
   dagger             [Unskilled]
   knife              [Unskilled]
   pick-axe           [Basic]
   short sword        [Unskilled]
   saber              [Unskilled]
   club               [Unskilled]
   quarterstaff       [Unskilled]
   sling              [Unskilled]
   dart               [Unskilled]
   boomerang          [Unskilled]
   whip               [Skilled]
   unicorn horn       [Unskilled]
 Spellcasting Skills
   attack spells      [Unskilled]
   healing spells     [Unskilled]
   divination spells  [Unskilled]
   matter spells      [Unskilled]

Voluntary challenges:
 Character rerolling was not enabled.
 You never genocided any monsters.
 You never polymorphed an object.
 You never changed form.
 You used no wishes.
Achievements:
 You entered the Gnomish Mines.
 You entered a shop.
 You attained the rank of Field Worker.
 You attained the rank of Investigator.

 The Dungeons of Doom: levels 1 to 6
    Level 1:
       A fountain.
    Level 2:
       A potion shop, a fountain, a grave.
       Stairs down to The Gnomish Mines.
    Level 3:
       A tool shop, a fountain.
    Level 4:
    Level 5:
    Level 6:
 The Gnomish Mines:
    Level 3: <- You were here.
       Final resting place for
          you, killed by a gnome.


Vanquished creatures:
  a ghost
 an imp
  3 rock moles
  a fog cloud
  2 shriekers
  a violet fungus
  a gnome leader
  a gnomish wizard
  a kobold mummy
  a straw golem
  a paper golem
  a giant ant
  2 floating eyes
  a kitten
  3 dwarves
  4 rothes
  3 dwarf zombies
  a wererat
  2 acid blobs
  a coyote
  2 gas spores
  3 hobbits
  a large kobold
  a hobgoblin
  2 giant rats
  a yellow mold
  6 gnomes
  5 geckos
  7 jackals
  a fox
  3 goblins
  2 sewer rats
  4 grid bugs
  a bat
  2 lichens
  a kobold zombie
  8 newts
82 creatures vanquished.

No species were genocided or became extinct.

Game over:
                       ----------
                      /          \
                     /    REST    \
                    /      IN      \
                   /     PEACE      \
                  /                  \
                  |  LDaviesPeters   |
                  |      81 Au       |
                  |   killed by a    |
                  |      gnome       |
                  |                  |
                  |                  |
                  |       2026       |
                 *|     *  *  *      | *
        _________)/\\_//(\/(/\)/\//\/|_)_______

Goodbye LDaviesPeters the Archeologist...

You died in The Gnomish Mines on dungeon level 3 with 2565 points,
and 81 pieces of gold, after 5252 moves.
You were level 6 with a maximum of 45 hit points when you died.

